 Seeded DCSS version 0.30.0-10-gfe55d96785 (webtiles) character file.

Game seed: 10090500252402427320 (custom seed)

22 GigaChad the Shield-Bearer (level 3, -1/30 HPs)
             Began as a Formicid Fighter on May 15, 2023.
             Slain by Crazy Yiuf
             ... wielding a +3 quarterstaff of chaos
              (5 damage)
             ... on level 2 of the Dungeon.
             The game lasted 00:01:25 (1196 turns).

GigaChad the Shield-Bearer (Formicid Fighter)       Turns: 1196, Time: 00:01:27

Health: -1/30      AC:  7    Str: 22    XL:     3   Next: 7%
Magic:  3/3        EV:  7    Int:  7    God:
Gold:   1123       SH: 13    Dex: 13    Spells: 2/2 levels left

rFire   . . .        a - +0 war axe
rCold   . . .        i - +0 tower shield {rPois}
rNeg    . . .        b - +0 scale mail
rPois   +            (helmet unavailable)
rElec   .            (no cloak)
rCorr   .            (no gloves)
SInv    +            (no boots)
Will    .....        (no amulet) Stlth
                     (no ring)
HPRegen 0.25/turn    (no ring)
MPRegen 0.08/turn

%: no passive effects
@: no status effects
A: permanent stasis, dig shafts and tunnels, antennae 3, four strong arms
a: Dig, Shaft Self


You were on level 2 of the Dungeon.
You visited 1 branch of the dungeon, and saw 2 of its levels.

You collected 1123 gold pieces.

Inventory:

Hand Weapons
 a - a +0 war axe (weapon)
Armour
 b - a +0 scale mail (worn)
 c - a +0 buckler
 i - a +0 tower shield of poison resistance (worn)
Scrolls
 g - a scroll of fog {unknown}
 h - 3 scrolls of identify {unknown}
 k - 2 scrolls of teleportation {unknown}
Potions
 d - 2 potions of might
 e - a potion of flight {unknown}
 f - 2 potions of brilliance {unknown}
 j - 2 potions of haste {unknown}
 l - a potion of heal wounds {unknown}


   Skills:
 * Level 3.7 Fighting
 * Level 2.2 Axes
 * Level 3.7 Armour
 * Level 4.3 Shields


You had 2 spell levels left.
You didn't know any spells.
Your spell library was empty.

Dungeon Overview and Level Annotations

Branches:
Dungeon (2/15)

Altars:
Nemelex Xobeh

Annotations:
D:2 Crazy Yiuf


Innate Abilities, Weirdness & Mutations

You cannot be hasted, slowed, berserked, paralysed or teleported.
You can dig through walls and to a lower floor.
You have a pair of large antennae on your head. (SInv)
Your four strong arms can wield two-handed weapons with a shield.


Message History

The ball python hisses angrily.
A ball python comes into view.
There are monsters nearby!
The ball python hisses angrily.
There are monsters nearby!
There are monsters nearby!
You slash the ball python!
You kill the ball python!
You block the ball python's attack. The ball python grabs you.
The ball python constricts you.
You slash the ball python!
You kill the ball python!
Unknown command.
No target in view!
Unknown command.
No target in view!
No target in view!
You now have 1112 gold pieces (gained 12).
You see here a ball python corpse.
You now have 1123 gold pieces (gained 11).
Found a hammer.
Found a runed translucent door.
Crazy Yiuf shouts!
You sense a monster nearby.
No target in view!
Key pressed, stopping explore.
No reachable target in view!
No reachable target in view!
Could not explore, unopened runed door.
No reachable target in view!
Could not explore, unopened runed door.
You open the door. You barely miss Crazy Yiuf. You block Crazy Yiuf's attack.
You barely miss Crazy Yiuf.
Crazy Yiuf hits you with a +3 quarterstaff of chaos!
You resist with some effort.
Crazy Yiuf hits you with a +3 quarterstaff of chaos!
Ouch! That really hurt!
* * * LOW HITPOINT WARNING * * *
Crazy Yiuf freezes you.
You die...

#..........#
#.......#....
#...########
##......#####
#...#
#...####
#...# #####
#...# #...#
#..)# #...#
#...# #...#
#...# #..)#
... #...#
#...# #g#
##### #...#
♣♣@♣ ####'#
♣.♣♣ #....#
♣♣.♣ #....#
♣.♣♣ #....#
♣♣.♣♣ #.†.<#
♣...♣♣ #...##
♣....♣ #....#
##..##
#....###....#


You could see Crazy Yiuf.

Vanquished Creatures
  A bat (D:1)
  2 giant cockroaches (D:2)
  3 goblins
  2 hobgoblins (D:1)
  2 quokkas (D:1)
  2 ball pythons (D:2)
  2 frilled lizards (D:1)
  4 kobolds
  A rat (D:1)
19 creatures vanquished.

Notes
Turn   | Place    | Note
-------+----------+-------------------------------------------
     0 | D:1      | GigaChad the Formicid Fighter began the quest for the Orb.
     0 | D:1      | Reached XP level 1. HP: 18/18 MP: 1/1
   303 | D:1      | Reached XP level 2. HP: 23/24 MP: 2/2
   760 | D:1      | Identified a scroll of acquirement
   760 | D:1      | Acquired a +0 tower shield of poison resistance
  1045 | D:2      | Found a sparkling altar of Nemelex Xobeh.
  1057 | D:2      | Acquired 999 gold pieces
  1068 | D:2      | Reached XP level 3. HP: 30/30 MP: 3/3
  1190 | D:2      | Found a runed translucent door.
  1191 | D:2      | Noticed Crazy Yiuf
  1196 | D:2      | Slain by Crazy Yiuf

Illustrated notes

Levels and vault maps discovered:
D:1:      nzn_arrival_settlement, layout_loops_corners, serial_bayou_ford_a,
          nicolae_kite_square_tiling_tiny
D:2:      layout_basic, basic_altar, uniq_crazy_yiuf_cottage

Action                     || total
---------------------------++-------
  Melee: War axe           ||    56
    Use: Scroll            ||     2
 Armour: Scale mail        ||    30
  Dodge: Dodged            ||    22
  Block: Buckler           ||     8
         Tower shield      ||    10
